General information
- name: BNet
- type: Ladder team game (AT/RT)
- host: Battle.net
- saver: Gaul
map: Deadlock
- players: 8
- length: 31:10
- speed: Fast
- version: 1.26 W3XP
- replay type: Public
» download(206 KB)
Players
team 1 (winner)

»
HowHighRU (
pink | 56 APM | 1739 actions | 31:08)
6 Blademaster
2 Wind Walk
3 Critical Strike
1 Bladestorm
4 Shadow Hunter
2 Healing Wave
2 Hex
» actions
| Assign group hotkey | 39 | |
| Basic commands | 104 | |
| Build / train | 80 | |
| ESC pressed | 9 | |
| Enter build submenu | 37 | |
| Enter hero's abilities submenu | 10 | |
| Right click | 542 | |
| Select / deselect | 259 | |
| Select group hotkey | 525 | |
| Use ability | 134 | |
1739 total
» units
| Peon | 23 | |
| Raider | 8 | |
| Kodo Beast | 1 | |
| Troll Batrider | 7 | |
39 total
» upgrades
| Spiked Barricades | 2 | |
| Melee Weapons | 3 | |
| Pillage | 1 | |
| Ensnare | 1 | |
| Armor | 3 | |
| War Drums Damage Increase | 1 | |
| Ranged Weapons | 1 | |
| Reinforced Defenses | 1 | |
13 total
» buildings
| Altar of Storms | 3 | |
| Orc Burrow | 8 | |
| War Mill | 1 | |
| Voodoo Lounge | 1 | |
| Stronghold | 4 | |
| Watch Tower | 15 | |
| Beastiary | 3 | |
| Fortress | 1 | |
| Great Hall | 2 | |
38 total
» build order
00:07 Altar of Storms
00:20 Orc Burrow
00:52 War Mill
01:09 Voodoo Lounge
02:20 Stronghold
02:20 Stronghold
02:20 Stronghold
02:52 Watch Tower
03:06 Watch Tower
03:08 Watch Tower
03:24 Watch Tower
03:27 Watch Tower
04:54 Orc Burrow
05:16 Beastiary
05:25 Beastiary
06:07 Watch Tower
06:52 Beastiary
08:29 Orc Burrow
08:45 Orc Burrow
09:24 Watch Tower
11:42 Fortress
13:53 Great Hall
13:55 Watch Tower
14:16 Watch Tower
14:24 Watch Tower
14:25 Watch Tower
14:26 Watch Tower
14:56 Orc Burrow
17:01 Orc Burrow
17:27 Orc Burrow
19:40 Stronghold
19:42 Watch Tower
19:44 Watch Tower
19:46 Watch Tower
19:49 Orc Burrow
22:51 Great Hall
25:12 Altar of Storms
25:14 Altar of Storms
» items
| Healing Salve | 3 | |
| Lesser Clarity Potion | 2 | |
| Scroll of Speed | 2 | |
| Scroll of Town Portal | 2 | |
| Potion of Lesser Invulnerability | 1 | |
| Boots of Speed | 1 | |
11 total
OccupyWallSt (
orange | 50 APM | 1542 actions | 31:08)
7 Priestess of the Moon
3 Searing Arrows
3 Trueshot Aura
1 Starfall
4 Keeper of the Grove
2 Entangling Roots
2 Thorns Aura
3 Warden
2 Fan of Knives
1 Shadow Strike
» actions
| Assign group hotkey | 104 | |
| Basic commands | 11 | |
| Build / train | 107 | |
| Enter build submenu | 23 | |
| Enter hero's abilities submenu | 14 | |
| Right click | 579 | |
| Select / deselect | 371 | |
| Select group hotkey | 262 | |
| Use ability | 71 | |
1542 total
» units
| Wisp | 28 | |
| Archer | 17 | |
| Hippogryph | 10 | |
| Druid of the Talon | 3 | |
58 total
» upgrades
| Strength of the Moon | 3 | |
| Moon Armor | 3 | |
| Improved Bows | 1 | |
| Hippogryph Taming | 1 | |
| Druid of the Talon Training | 2 | |
| Nature's Blessing | 1 | |
| Marksmanship | 1 | |
| Well Spring | 1 | |
13 total
» buildings
| Moon Well | 7 | |
| Altar of Elders | 1 | |
| Ancient of War | 2 | |
| Ancient of Wonders | 1 | |
| Hunter's Hall | 1 | |
| Tree of Ages | 1 | |
| Tree of Life | 3 | |
| Ancient Protector | 5 | |
| Ancient of Wind | 2 | |
| Tree of Eternity | 1 | |
24 total
» build order
00:36 Moon Well
00:45 Altar of Elders
01:06 Ancient of War
01:26 Moon Well
01:59 Ancient of War
02:17 Moon Well
02:43 Ancient of Wonders
03:15 Hunter's Hall
04:37 Tree of Ages
05:22 Tree of Life
05:49 Moon Well
06:42 Ancient Protector
07:18 Ancient of Wind
07:22 Ancient of Wind
10:32 Tree of Eternity
10:35 Ancient Protector
12:01 Moon Well
12:03 Ancient Protector
12:07 Moon Well
12:16 Ancient Protector
13:07 Moon Well
19:02 Tree of Life
20:13 Ancient Protector
21:36 Tree of Life
» items
| Potion of Healing | 3 | |
| Orb of Venom | 1 | |
| Scroll of Healing | 2 | |
| Scroll of Protection | 1 | |
| Potion of Lesser Invulnerability | 1 | |
8 total
KingOfTheTrolls (
blue | 94 APM | 2931 actions | 31:08)
8 Shadow Hunter
3 Serpent Ward
2 Hex
3 Healing Wave
» actions
| Assign group hotkey | 296 | |
| Basic commands | 169 | |
| Build / train | 74 | |
| Enter build submenu | 19 | |
| Enter hero's abilities submenu | 6 | |
| Give item / drop item | 4 | |
| Remove unit from queue | 1 | |
| Right click | 1143 | |
| Select / deselect | 271 | |
| Select group hotkey | 882 | |
| Use ability | 66 | |
2931 total
» units
| Peon | 10 | |
| Troll Headhunter/Berserker | 24 | |
34 total
» upgrades
| Ranged Weapons | 3 | |
| Troll Regeneration | 1 | |
| Armor | 3 | |
| Berserker Upgrade | 1 | |
| Shaman Training | 1 | |
9 total
» buildings
| Orc Burrow | 6 | |
| Altar of Storms | 1 | |
| War Mill | 2 | |
| Barracks | 4 | |
| Stronghold | 1 | |
| Great Hall | 2 | |
| Voodoo Lounge | 1 | |
| Fortress | 1 | |
| Spirit Lodge | 1 | |
19 total
» build order
00:15 Orc Burrow
00:48 Altar of Storms
01:20 War Mill
01:30 Orc Burrow
01:47 Barracks
02:43 Barracks
02:45 Barracks
03:33 Stronghold
03:49 Orc Burrow
05:22 Great Hall
05:35 Voodoo Lounge
05:39 Orc Burrow
07:22 Fortress
08:19 Barracks
12:02 Spirit Lodge
14:15 War Mill
24:49 Great Hall
26:02 Orc Burrow
26:03 Orc Burrow
» items
| Scroll of Regeneration | 3 | |
| Scroll of Town Portal | 3 | |
| Healing Salve | 3 | |
| Periapt of Vitality | 1 | |
| Staff of Teleportation | 1 | |
| Boots of Speed | 1 | |
| Potion of Lesser Invulnerability | 1 | |
| Tome of Retraining | 1 | |
| Potion of Mana | 1 | |
15 total
Gaul (
teal | 71 APM | 2226 actions | 31:10)
5 Blood Mage
3 Flame Strike
2 Siphon Mana
» actions
| Assign group hotkey | 32 | |
| Basic commands | 222 | |
| Build / train | 189 | |
| ESC pressed | 3 | |
| Enter build submenu | 64 | |
| Enter hero's abilities submenu | 5 | |
| Give item / drop item | 3 | |
| Right click | 553 | |
| Select / deselect | 473 | |
| Select group hotkey | 557 | |
| Use ability | 125 | |
2226 total
» units
| Peasant | 44 | |
| Footman | 11 | |
| Dragonhawk Rider | 2 | |
| Gryphon Rider | 7 | |
64 total
» upgrades
| Masonry | 3 | |
| Defend | 1 | |
| Lumber Harvesting | 2 | |
| Swords | 3 | |
| Armor | 4 | |
| Animal War Training | 1 | |
| Storm Hammers | 1 | |
| Cloud | 1 | |
| Backpack | 1 | |
| Long Rifles | 1 | |
| Gunpowder | 3 | |
| Plating | 3 | |
| Magic Sentry | 1 | |
| Flak Cannons | 1 | |
| Flying Machine Bombs | 1 | |
| Fragmentation Shards | 1 | |
| Flare | 1 | |
| Barrage | 1 | |
| Sorceress Training | 2 | |
| Priest Training | 2 | |
| Control Magic | 1 | |
35 total
» buildings
| Altar of Kings | 1 | |
| Barracks | 1 | |
| Farm | 13 | |
| Arcane Vault | 1 | |
| Scout Tower | 28 | |
| Arcane Tower | 11 | |
| Town Hall | 2 | |
| Lumber Mill | 1 | |
| Guard Tower | 41 | |
| Keep | 1 | |
| Blacksmith | 1 | |
| Castle | 2 | |
| Gryphon Aviary | 5 | |
| Arcane Sanctum | 3 | |
| Workshop | 3 | |
114 total
» build order
00:05 Altar of Kings
00:08 Barracks
00:12 Farm
01:15 Farm
01:45 Farm
02:09 Arcane Vault
02:58 Farm
03:11 Scout Tower
03:47 Arcane Tower
03:56 Town Hall
04:00 Scout Tower
04:03 Scout Tower
04:10 Lumber Mill
04:20 Scout Tower
04:23 Scout Tower
04:35 Arcane Tower
04:35 Arcane Tower
04:53 Arcane Tower
05:07 Farm
05:23 Guard Tower
05:57 Scout Tower
05:59 Scout Tower
06:43 Guard Tower
07:34 Town Hall
07:37 Scout Tower
07:38 Scout Tower
07:39 Scout Tower
07:41 Scout Tower
08:00 Scout Tower
08:01 Scout Tower
08:05 Scout Tower
08:05 Arcane Tower
08:05 Arcane Tower
08:06 Guard Tower
08:06 Guard Tower
08:09 Guard Tower
08:09 Guard Tower
08:12 Guard Tower
08:12 Guard Tower
08:38 Guard Tower
08:38 Guard Tower
08:40 Guard Tower
08:41 Guard Tower
08:52 Scout Tower
10:28 Scout Tower
10:52 Scout Tower
10:53 Scout Tower
10:59 Guard Tower
11:09 Scout Tower
11:11 Scout Tower
11:17 Keep
11:20 Scout Tower
11:21 Scout Tower
11:44 Guard Tower
11:44 Guard Tower
11:46 Scout Tower
11:47 Scout Tower
11:50 Scout Tower
12:01 Guard Tower
12:01 Guard Tower
12:06 Guard Tower
12:06 Guard Tower
12:23 Guard Tower
12:28 Guard Tower
12:28 Guard Tower
12:42 Guard Tower
12:42 Arcane Tower
12:53 Guard Tower
12:54 Guard Tower
12:54 Guard Tower
13:05 Blacksmith
13:54 Castle
13:54 Castle
14:02 Gryphon Aviary
14:04 Gryphon Aviary
14:36 Scout Tower
14:38 Scout Tower
14:41 Scout Tower
15:02 Gryphon Aviary
15:05 Gryphon Aviary
15:13 Guard Tower
15:13 Guard Tower
15:27 Guard Tower
17:02 Farm
17:03 Farm
17:04 Farm
17:05 Farm
17:07 Farm
17:31 Farm
17:36 Farm
18:09 Farm
18:14 Gryphon Aviary
23:19 Arcane Sanctum
23:19 Arcane Sanctum
23:20 Arcane Sanctum
23:24 Workshop
23:25 Workshop
23:25 Workshop
» items
| Scroll of Regeneration | 4 | |
| Boots of Speed | 1 | |
| Staff of Teleportation | 1 | |
| Lesser Clarity Potion | 2 | |
| Potion of Invisibility | 1 | |
| Scroll of Town Portal | 2 | |
11 total
team 2 (loser)
kieraniznoob2 (
red | 139 APM | 1945 actions | 13:59)
3 Archmage
2 Summon Water Elemental
1 Brilliance Aura
1 Mountain King
1 Storm Bolt
» actions
| Assign group hotkey | 243 | |
| Basic commands | 8 | |
| Build / train | 61 | |
| ESC pressed | 2 | |
| Enter build submenu | 30 | |
| Enter hero's abilities submenu | 4 | |
| Give item / drop item | 1 | |
| Right click | 715 | |
| Select / deselect | 254 | |
| Select group hotkey | 561 | |
| Use ability | 66 | |
1945 total
» units
| Peasant | 17 | |
| Footman | 6 | |
| Rifleman | 5 | |
| Priest | 2 | |
| Sorceress | 2 | |
32 total
» upgrades
| Defend | 1 | |
| Masonry | 2 | |
| Lumber Harvesting | 1 | |
4 total
» buildings
| Farm | 10 | |
| Altar of Kings | 1 | |
| Barracks | 1 | |
| Scout Tower | 8 | |
| Arcane Tower | 2 | |
| Lumber Mill | 1 | |
| Arcane Vault | 3 | |
| Town Hall | 1 | |
| Keep | 2 | |
| Guard Tower | 7 | |
| Blacksmith | 1 | |
| Arcane Sanctum | 3 | |
40 total
» build order
00:10 Farm
00:12 Altar of Kings
00:22 Barracks
00:52 Farm
01:49 Farm
02:02 Scout Tower
02:35 Farm
02:57 Arcane Tower
03:10 Farm
03:40 Lumber Mill
04:04 Arcane Vault
04:45 Town Hall
04:52 Scout Tower
04:54 Scout Tower
04:56 Scout Tower
05:24 Keep
05:27 Arcane Tower
06:09 Guard Tower
06:39 Scout Tower
06:44 Scout Tower
06:50 Blacksmith
07:11 Guard Tower
07:22 Guard Tower
08:26 Scout Tower
08:35 Arcane Vault
08:43 Arcane Sanctum
08:48 Arcane Sanctum
08:54 Arcane Vault
08:56 Guard Tower
08:56 Guard Tower
09:07 Arcane Sanctum
09:56 Scout Tower
10:18 Farm
10:22 Farm
10:35 Farm
10:52 Guard Tower
10:59 Farm
12:08 Farm
» items
| Scroll of Regeneration | 2 | |
| Scroll of Town Portal | 2 | |
| Potion of Lesser Invulnerability | 1 | |
| Scroll of Healing | 1 | |
6 total
Tranquil (
purple | 48 APM | 743 actions | 15:20)
3 Blademaster
2 Wind Walk
1 Critical Strike
» actions
| Basic commands | 16 | |
| Build / train | 43 | |
| Enter build submenu | 15 | |
| Enter hero's abilities submenu | 3 | |
| Give item / drop item | 1 | |
| Remove unit from queue | 4 | |
| Right click | 437 | |
| Select / deselect | 178 | |
| Use ability | 46 | |
743 total
» units
» upgrades
| Armor | 1 | |
| Envenomed Spears | 1 | |
| Ranged Weapons | 3 | |
5 total
» buildings
| Altar of Storms | 1 | |
| Orc Burrow | 6 | |
| Voodoo Lounge | 2 | |
| Stronghold | 1 | |
| War Mill | 1 | |
| Fortress | 1 | |
| Beastiary | 2 | |
| Watch Tower | 2 | |
16 total
» build order
00:07 Altar of Storms
00:09 Orc Burrow
00:12 Orc Burrow
00:52 Voodoo Lounge
00:57 Voodoo Lounge
02:22 Stronghold
02:41 War Mill
03:48 Orc Burrow
04:45 Fortress
04:47 Beastiary
04:53 Beastiary
04:57 Orc Burrow
05:12 Watch Tower
05:16 Watch Tower
07:22 Orc Burrow
09:48 Orc Burrow
» items
| Healing Salve | 3 | |
| Lesser Clarity Potion | 4 | |
| Scroll of Speed | 1 | |
| Potion of Healing | 2 | |
| Orb of Lightning | 1 | |
| Potion of Mana | 1 | |
12 total

»
dividebyzero (
green | 38 APM | 552 actions | 14:41)
4 Crypt Lord
2 Carrion Beetles
2 Spiked Carapace
» actions
| Assign group hotkey | 22 | |
| Build / train | 36 | |
| Enter build submenu | 13 | |
| Enter hero's abilities submenu | 4 | |
| Right click | 173 | |
| Select / deselect | 109 | |
| Select group hotkey | 171 | |
| Use ability | 24 | |
552 total
» units
| Acolyte | 2 | |
| Ghoul | 5 | |
| Crypt Fiend | 7 | |
| Frost Wyrm | 2 | |
16 total
» upgrades
| Creature Attack | 3 | |
| Web | 1 | |
| Creature Carapace | 2 | |
6 total
» buildings
| Ziggurat | 6 | |
| Altar of Darkness | 1 | |
| Crypt | 1 | |
| Graveyard | 1 | |
| Nerubian Tower | 1 | |
| Spirit Tower | 2 | |
| Halls of the Dead | 4 | |
| Tomb of Relics | 1 | |
| Black Citadel | 1 | |
| Sacrificial Pit | 1 | |
| Boneyard | 2 | |
21 total
» build order
00:09 Ziggurat
00:13 Altar of Darkness
00:37 Crypt
01:00 Graveyard
01:11 Nerubian Tower
01:30 Ziggurat
02:12 Ziggurat
02:48 Spirit Tower
03:16 Spirit Tower
03:47 Halls of the Dead
03:47 Halls of the Dead
03:47 Halls of the Dead
04:42 Tomb of Relics
06:01 Ziggurat
06:44 Black Citadel
08:27 Sacrificial Pit
10:28 Boneyard
10:45 Ziggurat
11:26 Boneyard
12:04 Ziggurat
» items
PRO.REAPER- (
yellow | 51 APM | 1603 actions | 31:07)
4 Archmage
2 Summon Water Elemental
2 Brilliance Aura
1 Mountain King
1 Storm Bolt
» actions
| Assign group hotkey | 62 | |
| Basic commands | 18 | |
| Build / train | 84 | |
| Enter build submenu | 24 | |
| Enter hero's abilities submenu | 5 | |
| Right click | 488 | |
| Select / deselect | 297 | |
| Select group hotkey | 523 | |
| Use ability | 102 | |
1603 total
» units
| Peasant | 22 | |
| Footman | 5 | |
| Dragonhawk Rider | 4 | |
| Gryphon Rider | 6 | |
| Frost Wyrm | 2 | |
39 total
» upgrades
| Masonry | 3 | |
| Lumber Harvesting | 1 | |
| Swords | 1 | |
| Armor | 1 | |
6 total
» buildings
| Altar of Kings | 1 | |
| Barracks | 1 | |
| Farm | 11 | |
| Scout Tower | 18 | |
| Arcane Vault | 1 | |
| Arcane Tower | 3 | |
| Town Hall | 2 | |
| Lumber Mill | 1 | |
| Keep | 2 | |
| Guard Tower | 6 | |
| Gryphon Aviary | 2 | |
| Castle | 2 | |
| Blacksmith | 1 | |
| Spirit Tower | 1 | |
52 total
» build order
00:13 Altar of Kings
00:24 Barracks
00:38 Farm
00:54 Farm
01:40 Scout Tower
01:43 Farm
02:07 Arcane Vault
02:10 Arcane Tower
03:54 Town Hall
03:57 Scout Tower
04:19 Farm
05:19 Lumber Mill
05:54 Town Hall
05:58 Arcane Tower
06:18 Keep
06:19 Keep
07:35 Scout Tower
07:36 Scout Tower
07:37 Scout Tower
07:38 Scout Tower
07:38 Scout Tower
09:10 Guard Tower
09:11 Guard Tower
10:09 Gryphon Aviary
10:35 Gryphon Aviary
11:19 Castle
11:19 Castle
12:35 Scout Tower
12:35 Scout Tower
12:35 Scout Tower
12:36 Scout Tower
12:36 Scout Tower
12:37 Scout Tower
12:37 Scout Tower
12:38 Scout Tower
13:13 Guard Tower
13:13 Guard Tower
13:59 Guard Tower
15:37 Farm
15:37 Farm
15:37 Farm
15:38 Farm
15:38 Farm
16:32 Blacksmith
16:34 Farm
16:35 Farm
16:58 Spirit Tower
19:45 Scout Tower
19:46 Scout Tower
19:46 Scout Tower
20:22 Guard Tower
» items
| Scroll of Regeneration | 4 | |
| Scroll of Town Portal | 5 | |
| Potion of Healing | 1 | |
| Lesser Clarity Potion | 1 | |
| Orb of Corruption | 1 | |
| Potion of Invisibility | 1 | |
| Staff of Teleportation | 1 | |
14 total
Chat log
(00:17 / All) OccupyWallSt: east is down again?!
(00:21 / All) Gaul: Gaul is subdued. Veni, vidi, vici.
(00:45 / Allies) HowHighRU: plan and units
(00:55 / Allies) Gaul: Kill everyone.
(01:09 / Allies) Gaul: Tie them to a cross and let them watch their world burn.
(03:02 / All) PRO.REAPER-: GIVE ME SOME SUGAR, BABY
(03:49 / All) PRO.REAPER-: wood plz
(03:50 / All) PRO.REAPER-: WOOD
(08:58 / Allies) Gaul: TP
(09:12 / Allies) Gaul: tp
(09:27 / Allies) Gaul: tp or we lose
(09:39 / Allies) OccupyWallSt: blue go
(09:42 / Allies) Gaul: tp
(11:14 / Allies) KingOfTheTrolls: scout
(12:04 / All) Gaul: Why so mad, purple?
(12:05 / Allies) KingOfTheTrolls: wood sons
(12:17 / Allies) KingOfTheTrolls: wood wons
(12:19 / Allies) KingOfTheTrolls: sons
(12:22 / All) PRO.REAPER-: purple, its just orange and blue
(12:25 / All) PRO.REAPER-: 2
(12:38 / All) Gaul: even after you kill every peon you're still too bad to win
(12:58 / All) Tranquil: good thing you have an ally on our team
(12:59 / All) Tranquil: ftw
(13:05 / All) Tranquil: 1v1 and we shalkl see who is to bad to win scrub
(13:09 / All) Gaul: Sure
(13:16 / All) Gaul: You are 3-0 that is awful
(13:21 / All) Gaul: I can rape you anytime
(13:26 / All) Tranquil: this is an alt you dum nub
(13:30 / All) Tranquil: run 1v1
(13:31 / All) Tranquil: and lets do it
(13:32 / All) Tranquil: baddie
(13:37 / All) Gaul: What's your main?
(13:40 / All) Tranquil: look at yellows gold
(13:43 / All) Tranquil: heis teamed with teal
(13:45 / All) Gaul: "baddie" did you just quit World of Warcraft or Street Fighter?
(13:46 / All) PRO.REAPER-: purple, its only 2 allies they have at reds
(13:47 / All) Tranquil: or he is just a fucking torll
(13:48 / All) Tranquil: troll
(13:52 / All) PRO.REAPER-: they only had 2 people purple
(13:53 / All) Tranquil: either one
(13:54 / All) PRO.REAPER-: blame urself
(14:06 / All) Tranquil: yellow has 5k with two expos
(14:09 / All) Tranquil: and zero units
(14:12 / Allies) KingOfTheTrolls: wood bros
(14:14 / All) Tranquil: he is eithe r atroll
(14:14 / All) Gaul: I have 6k and 0 units.
(14:18 / All) Tranquil: or teals fuck buddy
(14:19 / All) Gaul: and I still raped you.
(14:26 / All) Gaul: This is a game, no need to be so mad bro.
(14:32 / All) Tranquil: That is what I have realized
(14:35 / All) Tranquil: you fucking piece of shit nub
(14:44 / All) Tranquil: you gave them the game
(14:45 / Allies) OccupyWallSt: teal wtf u suck
(14:46 / All) Tranquil: because you're shit
(14:47 / All) Gaul: if I'm a nub how did I rape you?
(14:48 / Allies) OccupyWallSt: use ur gold
(14:54 / All) Tranquil: yellow helped you baddie
(14:55 / Allies) Gaul: lol
(14:56 / All) Tranquil: hop off my dick
(14:59 / All) Tranquil: 1v1 me please
(15:00 / All) Tranquil: right now
(15:02 / All) Tranquil: lets do it
(15:04 / All) Tranquil: I thought so
(15:05 / All) PRO.REAPER-: PURPLE they only had 2 at reds
(15:06 / All) PRO.REAPER-: idiot
(15:08 / All) PRO.REAPER-: blame urself
(15:10 / All) Gaul: I gotta get my win first bro and rape you.
(15:11 / All) Tranquil: Keep getting raped pice of shit
(15:16 / Allies) Gaul: wood
(15:33 / Allies) Gaul: wood
(16:03 / Allies) Gaul: wood
(16:05 / Allies) Gaul: you have 600
(16:34 / Allies) Gaul: wood
(16:40 / Allies) Gaul: 400 wood, give
(16:51 / Allies) Gaul: finally, thanks
(18:55 / All) PRO.REAPER-: GIVE ME SOME SUGAR, BABY
(19:01 / Allies) Gaul: wood me pink
(19:05 / Allies) Gaul: wood
(19:12 / All) HowHighRU: hey now teal
(19:17 / Allies) Gaul: wood
(19:21 / All) KingOfTheTrolls: wtf are you doing teal
(19:23 / All) KingOfTheTrolls: faggot
(19:27 / All) PRO.REAPER-: LAWL
(19:28 / Allies) HowHighRU: ignore teal
(19:31 / All) PRO.REAPER-: GIVE ME SOME SUGAR BABY
(19:31 / Allies) Gaul: Killing expos like you did
(19:37 / All) KingOfTheTrolls: WTF
(19:39 / All) KingOfTheTrolls: ORANGE IS TKING ME
(19:46 / All) KingOfTheTrolls: WATC H OUT PINL
(19:50 / All) KingOfTheTrolls: ORANGE AND TEAL ARE TOGHETERH
(20:38 / Allies) Gaul: towers don't do shit if you don't micro them btw
(20:58 / Allies) OccupyWallSt: pink stay
(21:07 / Allies) Gaul: lol
(21:10 / All) KingOfTheTrolls: get out of there retard
(23:55 / All) HowHighRU: plz leave yellow
(25:31 / All) KingOfTheTrolls: dumb coward
(25:36 / All) KingOfTheTrolls: you can't win if yo udon't kill yellow lol
(26:19 / All) HowHighRU: good for you yellow
(28:39 / All) Gaul: You can run along for a long time, but sooner or later God'll cut you down.
(30:26 / All) KingOfTheTrolls: shut up
(30:50 / Allies) HowHighRU: really guys
(30:52 / Allies) HowHighRU: honestly
(30:56 / Allies) HowHighRU: this is so gay
(31:05 / All) PRO.REAPER-: this is for the muroal game
(31:07 / All) HowHighRU: takes a special homosexual to enjoy this